 Dungeon Crawl Stone Soup version 0.20-b1-2-gc5a9893 (webtiles) character file.

136857 Gorglomux the Swashbuckler (level 17, -12/91 HPs)
             Began as a Vine Stalker Assassin on May 21, 2017.
             Was a Believer of Uskayaw.
             Killed from afar by a shock serpent (15 damage)
             ... with a bolt of electricity
             ... on level 1 of the Snake Pit.
             The game lasted 01:09:08 (24238 turns).

Gorglomux the Swashbuckler (Vine Stalker Assassin) Turns: 24238, Time: 01:09:09

Health: -12/91     AC: 24    Str: 18    XL:     17   Next: 22%
Magic:  0/28       EV: 14    Int: 11    God:    Uskayaw [**....]
Gold:   1519       SH:  0    Dex: 20    Spells: 16/16 levels left

rFire    . . .     SeeInvis .   E - +7 captain's cutlass {speed, disarm}
rCold    + . .     Gourm    .   (no shield)
rNeg     . . .     Faith    +   S - +1 chain mail {rC+}
rPois    +         Spirit   +   X - +2 helmet
rElec    .         Reflect  .   d - +2 cloak
rCorr    .         Harm     .   M - +2 pair of gloves {Dex+3}
MR       +++..                  N - +0 pair of boots
Stlth    +++.......             F - amulet of faith {Faith, !P}
Regen    1.1/turn               r - ring of poison resistance {rPois, !d}
MPRegen  0.3/turn               a - ring of Ocate {+Fly MR+ Stlth+}

@: no status effects
A: fangs 3, clumsy 1, regeneration 2, magic shield, antimagic bite, no potion
heal 3, rot immunity
a: Stomp, Line Pass, Renounce Religion, Evoke Flight


You were on level 1 of the Snake Pit.
You worshipped Uskayaw.
Uskayaw was pleased with you.
You were hungry.

You visited 5 branches of the dungeon, and saw 25 of its levels.
You visited 1 bazaar.

You collected 3328 gold pieces.
You spent 1809 gold pieces at shops.

Inventory:

Hand Weapons
 E - the +7 captain's cutlass (weapon) {speed, disarm}
   (You found it on level 6 of the Lair of Beasts)

   Attacks with this weapon are significantly faster.
Armour
 d - a +2 cloak (worn)
 k - +0 fire dragon scales
   (You found it on level 6 of the Lair of Beasts)
 M - a +2 pair of gloves of dexterity (worn)
   (You found it on level 5 of the Lair of Beasts)
 N - a +0 pair of boots (worn)
   (You found it on level 4 of the Dungeon)
 S - a +1 chain mail of cold resistance (worn)
   (You found it on level 2 of the Orcish Mines)
 X - a +2 helmet (worn)
   (You found it on level 13 of the Dungeon)
Jewellery
 a - the ring of Ocate (right hand) {+Fly MR+ Stlth+}
   (You took it off a kobold demonologist on level 15 of the Dungeon)

   [ring of flight]

   It affects your resistance to hostile enchantments.
   It lets you fly.
   It makes you more stealthy.
 r - a ring of poison resistance (left hand) {rPois, !d}
   (You found it on level 1 of the Dungeon)
 u - an uncursed ring of resist corrosion
   (You found it on level 2 of the Dungeon)
 F - an amulet of faith (around neck) {Faith, !P}
   (You bought it in a shop on level 1 of the Orcish Mines)
Wands
 i - a wand of lightning (7/15)
   (You found it on level 10 of the Dungeon)
 v - a wand of acid (4/15)
   (You found it on level 2 of the Dungeon)
 x - a wand of clouds (2/9)
   (You found it on level 2 of the Lair of Beasts)
 W - a wand of paralysis (6/24)
   (You found it on level 8 of the Dungeon)
 Z - a wand of clouds (7/9)
   (You found it on level 10 of the Dungeon)
Scrolls
 c - 2 scrolls of enchant armour
 e - a scroll of summoning
 m - 6 scrolls of teleportation
 o - a scroll of immolation {!r}
 t - 8 scrolls of enchant weapon
 y - a scroll of brand weapon
 C - 11 scrolls of remove curse
 H - 4 scrolls of magic mapping {!r}
 J - 3 scrolls of blinking {!r}
 L - 4 scrolls of fear
 O - 5 scrolls of recharging
 T - 6 scrolls of identify
Potions
 f - 6 potions of flight
 j - 8 potions of lignification {!q}
 l - 3 potions of might
 n - 4 potions of agility
 p - a potion of haste
 q - 3 potions of magic
 s - 3 potions of cancellation
 z - a potion of invisibility
 B - 8 potions of curing
 P - 5 potions of mutation {!q}
Books
 V - a book of Battle
   (You bought it in a shop in a bazaar)
Miscellaneous
 A - a sack of spiders
 G - a phantom mirror
 Q - a box of beasts
Comestibles
 g - 16 bread rations {@e1}
 w - 25 fruits
 D - 8 meat rations {@e2}
 R - 5 royal jellies


   Skills:
 + Level 11.5 Fighting
 - Level 15.0 Short Blades
 - Level 1.7 Throwing
 * Level 9.8 Armour
 + Level 10.5 Dodging
 - Level 10.5 Stealth
 + Level 13.6 Invocations


You had 16 spell levels left.
You didn't know any spells.

Dungeon Overview and Level Annotations

Branches:
Dungeon (15/15)            Temple (1/1) D:5            Lair (6/6) D:9
 Shoals (0/4) Lair:3        Snake (1/4) Lair:2        Slime (0/5) Lair:6
    Orc (2/2) D:12            Elf (0/3) Orc:2        Vaults (0/5) D:14
 Depths (0/5) D:15

Altars:
Ashenzari
Elyvilon
Fedhas
Hepliaklqana
Kikubaaqudgha
Nemelex Xobeh
Sif Muna
Trog
Uskayaw
Xom
Zin
The Shining One

Shops:
Orc:1 %=   Orc:2 *}?!

Annotations:
D:4 2 transporters, Natasha
Lair:2 exclusion: oklob plant
Lair:4 exclusion: oklob plant


Innate Abilities, Weirdness & Mutations

You have razor-sharp teeth.
You heal very quickly.
When hurt, damage is shared between your health and your magic reserves.
Your bite disrupts and absorbs the magic of your enemies.
Potions cannot restore your health.
You are immune to rotting.
You are clumsy. (Dex -2)


Message History

Uskayaw prepares the audience for your solo!
Unknown command.
Unknown command.
The mana viper is no longer paralysed. x2; The mana viper bites you.
You feel your power leaking away.
A black mamba comes into view.
The helpless shock serpent fails to defend itself.
You skewer the shock serpent like a kebab!!!!
You kill the shock serpent!
The air sparks with electricity, shocking you!
Uskayaw will force your foes to share their pain.
Uskayaw links your audience in an emotional bond!
Unknown command.
You closely miss the mana viper.
The black mamba hisses angrily.
You bite the mana viper! You drain its power.
You feel invigorated.
The mana viper bites you but does no damage.
You hit the mana viper.
Uskayaw links your audience in an emotional bond!
You miss the mana viper. Your bite misses the mana viper.
The mana viper bites you but does no damage.
Unknown command.
You closely miss the mana viper.
The black mamba is no longer paralysed.
The mana viper bites you but does no damage.
You hit the mana viper. Your bite misses the mana viper.
The mana viper bites you.
You feel your power leaking away.
You are too injured to fight recklessly!
Unknown command.
You are too injured to fight recklessly!
You are too injured to fight recklessly!
Unknown command.
You hit the mana viper. Your bite misses the mana viper.
The mana viper bites you!
You feel your power leaking away.
You puncture the mana viper!
You kill the mana viper! x2
The black mamba bites you but does no damage.
The black mamba closely misses you. The black mamba misses you.
The black mamba closely misses you.
You barely miss the black mamba. You bite the black mamba. You drain its power.
You feel invigorated.
You kill the black mamba!
You barely miss the black mamba. You bite the black mamba. You drain its power.
You feel invigorated.
The black mamba bites you but does no damage.
You can now merge with and destroy a victim.
You puncture the black mamba! You bite the black mamba. You drain its power.
You feel invigorated.
You kill the black mamba!
You start resting.
You can no longer merge with and destroy a victim.
Uskayaw will no longer force your foes to share their pain.
Uskayaw will no longer force your foes to helplessly watch your dance.
You can no longer pass through a line of other dancers.
You now have 1519 gold pieces (gained 8).
A shock serpent comes into view.
Unknown command.
A shock serpent is nearby!
Unknown command.
A shock serpent is nearby!
Unknown command.
A shock serpent is nearby!
The shock serpent hisses angrily.
The shock serpent shoots out a bolt of lightning at you!
The bolt of electricity hits you! The shock serpent bites you!
The shock serpent shocks you!
You puncture the shock serpent! You bite the shock serpent.
You drain its power.
You feel invigorated.
The shock serpent's electric aura discharges, shocking you!
The shock serpent bites you! The shock serpent shocks you!
You are too injured to fight recklessly!
Unknown command.
You are too injured to fight recklessly!
You are too injured to fight recklessly!
Unknown command.
You hit the shock serpent.
You bite the shock serpent, but do no damage.
The shock serpent's electric aura discharges, shocking you!
Unknown command.
You puncture the shock serpent! Your bite misses the shock serpent.
The shock serpent's electric aura discharges, shocking you!
The shock serpent shoots out a bolt of lightning at you!
The bolt of electricity hits you! x2
* * * LOW HITPOINT WARNING * * *
The bolt of electricity hits the shock serpent.
The shock serpent completely resists.
You can now pass through a line of other dancers.
You hit the shock serpent but do no damage.
Your bite misses the shock serpent.
Unknown command.
You puncture the shock serpent! You bite the shock serpent.
You drain its power.
You feel invigorated.
The shock serpent's electric aura discharges, shocking you!
* * * LOW HITPOINT WARNING * * *
The shock serpent shoots out a bolt of lightning at you!
The bolt of electricity hits you!
* * * LOW HITPOINT WARNING * * *
The bolt of electricity hits you!
You die...

.#.## #...###.....#### .#..#
##...##.........# .##.###
#....##.........# .##...#
##....#...∩....... .##...#
##..####..[....#... .##...#
##..## #.%(....# ###.###
#...######......# # #.##
#.<.........)...#.# #..#
#....@.....#.[..#.#
####.######..#..S.....#......#
...........................###
####........#####.....###..>####.
..##.##...### ##....# #.....)†.
..##.##...# #...####/.......
.....##...# ####.>.# #.........
.....### ## #....#.###.|.......
.......# ######....#.#.....#####.


You could see a shock serpent.

Vanquished Creatures
  Rupert (D:12)
  A fire giant (D:15)
  A frost giant (D:15)
  2 orc warlords (Orc:2)
  A very ugly thing (D:15)
  The ghost of Jawreze the Slinger, a journeyman KoHu of Nemelex Xobeh (D:13)
  The ghost of Feta the Cleaver, a journeyman GrFi of Ashenzari (Orc:2)
  An ettin (Orc:2)
  The ghost of Turgon the Spear-Bearer, a journeyman OpWn of Ashenzari (Lair:2)
  Fannar (Orc:1)
  A naga warrior (Snake:1)
  3 ogre magi
  6 hydras
  4 catoblepae
  Erica (D:8)
  20 two-headed ogres
  2 anacondas (Snake:1)
  4 centaur warriors
  A queen ant (D:11)
  A shock serpent (Snake:1)
  4 death yaks (Lair:6)
  4 tengu warriors (D:13)
  A naga sharpshooter (Snake:1)
  Urug (D:13)
  An iron troll (Orc:2)
  An unseen horror (D:11)
  4 skeletal warriors (D:15)
  A deep troll (Orc:2)
  2 naga ritualists (Snake:1)
  6 orc knights
  Pikel (D:5)
  A deep elf archer (D:14)
  4 orc sorcerers (Orc:2)
  4 deep elf magi
  6 manticores
  6 mana vipers (Snake:1)
  3 oklob plants (Lair:4)
  10 ugly things
  4 cyclopes
  21 elephants
  A naga mage (Snake:1)
  2 gargoyles
  7 black mambas
  A torpor snail (Lair:2)
  A freezing wraith (D:14)
  17 spiny frogs
  A rime drake (Lair:5)
  5 centaur skeletons
  3 kobold demonologists
  An efreet (D:15)
  A polar bear (Lair:5)
  15 trolls
  13 komodo dragons
  A slime creature (D:15)
  A hornet (D:12)
  34 blink frogs
  12 dream sheep
  11 hippogriffs
  A vampire (D:14)
  4 wyverns
  3 shadows (D:11)
  Eustachio (D:4)
  71 yaks
  2 wraiths (D:11)
  6 basilisks
  A vampire mosquito (D:11)
  A hungry ghost (D:15)
  A steam dragon (D:11)
  Grum (Lair:1)
  5 wargs
  6 soldier ants
  4 nagas
  13 water moccasins
  8 porcupines
  Duvessa (D:5)
  6 sky beasts
  6 ice beasts
  33 orc warriors
  3 slaves (D:5)
  3 black bears
  A necrophage (D:11)
  4 phantoms
  30 ogres
  7 wolves
  2 eyes of draining
  A boggart (D:14)
  10 centaurs
  9 crocodiles
  3 big kobolds
  18 bullfrogs
  The ghost of bobbobbob the Sneak, an amateur SpEn (D:3)
  Dowan (D:5)
  A wyvern zombie (D:9)
  2 scorpions
  5 killer bees
  2 electric eels (D:11)
  9 wights
  7 howler monkeys
  4 centaur zombies
  6 crimson imps
  A quasit (D:8)
  5 bullfrog zombies
  11 hounds
  20 orc priests
  24 orc wizards
  2 bullfrog skeletons
  6 iguanas
  Crazy Yiuf (D:5)
  Ijyb (D:3)
  Natasha (D:4)
  25 worker ants
  A hound zombie (D:9)
  3 hound skeletons
  A worker ant zombie (D:10)
  Robin (D:4)
  A gnoll (D:2)
  A howler monkey skeleton (D:4)
  14 adders
  2 shadow imps (D:5)
  3 oozes
  An adder zombie (D:6)
  4 worms
  4 leopard geckos
  82 orcs
  A ball python (D:3)
  8 bats
  3 giant cockroaches
  18 goblins
  9 hobgoblins
  5 jackals
  15 kobolds
  5 quokkas
  4 frilled lizards
  A jackal skeleton (D:6)
  2 quokka skeletons
  11 rats
  3 plants (Lair:4)
869 creatures vanquished.

Vanquished Creatures (others)
  A manticore (D:11)
  2 worker ants (D:11)
  A bush (Lair:6)
  10 fungi
  16 plants
30 creatures vanquished.

Grand Total: 899 creatures vanquished

Notes
Turn   | Place    | Note
-------+----------+-------------------------------------------
     0 | D:1      | Gorglomux the Vine Stalker Assassin began the quest for the Orb.
     0 | D:1      | Reached XP level 1. HP: 11/11 MP: 2/2
    49 | D:1      | Reached skill level 2 in Fighting
    53 | D:1      | Reached skill level 2 in Short Blades
    82 | D:1      | Reached XP level 2. HP: 10/15 MP: 1/3
   198 | D:1      | Reached skill level 5 in Stealth
   209 | D:1      | Reached skill level 1 in Dodging
   588 | D:1      | Reached XP level 3. HP: 18/18 MP: 4/4
  1249 | D:2      | Gained mutation: Your natural rate of healing is unusually fast. [Vine Stalker growth]
  1249 | D:2      | Reached XP level 4. HP: 17/23 MP: 5/5
  1546 | D:2      | HP: 4/23 [gnoll/stone (4)]
  1683 | D:2      | You fall through a shaft for 2 floors!
  1683 | D:4      | Found a glowing golden altar of the Shining One.
  1683 | D:4      | Found a shattered altar of Ashenzari.
  1683 | D:4      | Noticed a troll
  1683 | D:4      | Noticed an ogre
  1685 | D:4      | Noticed Robin
  1690 | D:4      | Noticed Natasha
  1707 | D:4      | Killed Natasha
  1707 | D:4      | Reached skill level 3 in Short Blades
  1707 | D:4      | Reached XP level 5. HP: 13/27 MP: 4/6
  1827 | D:2      | Noticed an ice beast
  2263 | D:3      | Noticed Ijyb
  2337 | D:3      | HP: 6/28 [ice beast (11)]
  2379 | D:3      | HP: 5/28 [ice beast (6)]
  2424 | D:3      | Killed an ice beast
  2424 | D:3      | Reached skill level 3 in Fighting
  2424 | D:3      | Reached skill level 2 in Dodging
  2424 | D:3      | Reached XP level 6. HP: 24/32 MP: 5/7
  2503 | D:3      | Killed Ijyb
  2503 | D:3      | Reached skill level 4 in Short Blades
  2606 | D:3      | Reached skill level 6 in Stealth
  2904 | D:3      | Noticed bobbobbob's ghost (amateur SpEn)
  2914 | D:3      | Killed bobbobbob's ghost
  3202 | D:4      | Reached XP level 7. HP: 36/36 MP: 8/8
  3358 | D:4      | Killed Robin
  3421 | D:4      | Noticed Natasha
  3453 | D:4      | Found a white marble altar of Elyvilon.
  3648 | D:4      | Reached skill level 3 in Dodging
  3659 | D:4      | Noticed Eustachio
  3666 | D:4      | Killed Eustachio
  3666 | D:4      | Reached skill level 4 in Fighting
  3666 | D:4      | Reached skill level 5 in Short Blades
  3899 | D:5      | Entered Level 5 of the Dungeon
  3912 | D:5      | Gained mutation: You have razor-sharp teeth. [Vine Stalker growth]
  3912 | D:5      | Reached XP level 8. HP: 42/42 MP: 9/9
  4099 | D:5      | Noticed Pikel
  4119 | D:5      | Killed Pikel
  4119 | D:5      | Reached skill level 6 in Short Blades
  4119 | D:5      | Reached skill level 7 in Stealth
  4183 | D:5      | Noticed Duvessa
  4183 | D:5      | Noticed Dowan
  4202 | D:5      | Killed Duvessa
  4206 | D:5      | Killed Dowan
  4307 | D:5      | Reached skill level 4 in Dodging
  4338 | D:5      | Found a sparkling altar of Nemelex Xobeh.
  4338 | D:5      | Found a glowing silver altar of Zin.
  4419 | D:5      | Reached skill level 5 in Fighting
  4781 | D:5      | Found a runed door.
  4877 | D:5      | Reached XP level 9. HP: 34/47 MP: 7/10
  4891 | D:5      | Found a staircase to the Ecumenical Temple.
  4963 | D:5      | Noticed Crazy Yiuf
  4967 | D:5      | Killed Crazy Yiuf
  5036 | Temple   | Entered the Ecumenical Temple
  5048 | Temple   | Became a worshipper of Uskayaw the Reveler
  5187 | D:6      | Reached * piety under Uskayaw
  5192 | D:6      | Reached skill level 8 in Stealth
  5192 | D:6      | Reached ** piety under Uskayaw
  5302 | D:6      | Reached skill level 7 in Short Blades
  6091 | D:7      | Reached *** piety under Uskayaw
  6487 | D:7      | Reached skill level 9 in Stealth
  6490 | D:7      | Reached **** piety under Uskayaw
  6508 | D:7      | Got an ebony hand axe
  6509 | D:7      | Identified the +9 hand axe "Onejadgh" {holy, MR+} (You found it on level 7 of the Dungeon)
  6743 | D:8      | Noticed a two-headed ogre
  6751 | D:8      | HP: 7/48 [two-headed ogre/giant spiked club (25)]
  6838 | D:8      | Killed a two-headed ogre
  6838 | D:8      | Reached skill level 6 in Fighting
  6838 | D:8      | Reached skill level 8 in Short Blades
  6838 | D:8      | Reached skill level 5 in Dodging
  6838 | D:8      | Reached XP level 10. HP: 44/53 MP: 6/11
  6943 | D:8      | Noticed Erica
  6964 | D:8      | Killed Erica
  7157 | D:8      | Reached ***** piety under Uskayaw
  7163 | D:8      | Reached skill level 10 in Stealth
  7187 | D:8      | Reached skill level 9 in Short Blades
  7730 | D:8      | Noticed a two-headed ogre
  7739 | D:8      | HP: 5/53 [two-headed ogre/giant club (23)]
  7782 | D:8      | HP: 8/53 [two-headed ogre/giant club (22)]
  7851 | D:8      | Killed a two-headed ogre
  8227 | D:9      | Reached skill level 6 in Dodging
  8230 | D:9      | HP: 13/53 [ogre/giant club (5)]
  8314 | D:9      | Noticed a two-headed ogre
  8330 | D:9      | Killed a two-headed ogre
  8330 | D:9      | Reached skill level 7 in Fighting
  8330 | D:9      | Reached XP level 11. HP: 28/58 MP: 5/12
  8419 | D:9      | Reached skill level 1 in Invocations
  8459 | D:9      | Reached skill level 10 in Short Blades
  8556 | D:9      | Found a staircase to the Lair.
  8801 | D:9      | Reached skill level 2 in Invocations
  9366 | D:10     | Entered Level 10 of the Dungeon
  9506 | D:10     | Reached skill level 3 in Invocations
 10165 | D:11     | Noticed a brown ugly thing
 10184 | D:11     | Killed a brown ugly thing
 10190 | D:11     | HP: 13/60 [steam dragon/ball of steam (11)]
 10191 | D:11     | HP: 6/60 [steam dragon (4)]
 10192 | D:11     | HP: 2/60 [steam dragon] (4)]
 10263 | D:11     | Noticed a two-headed ogre
 10267 | D:11     | Reached skill level 8 in Fighting
 10297 | D:11     | Reached skill level 4 in Invocations
 10332 | D:11     | HP: 9/60 [two-headed ogre/giant club (16)]
 10447 | D:11     | Reached skill level 7 in Dodging
 10463 | D:11     | Killed a two-headed ogre
 10463 | D:11     | Reached skill level 11 in Short Blades
 10463 | D:11     | Gained mutation: You heal very quickly. [Vine Stalker growth]
 10463 | D:11     | Reached XP level 12. HP: 37/65 MP: 14/16
 10627 | D:11     | Noticed a two-headed ogre
 10655 | D:11     | Noticed a two-headed ogre
 10661 | D:11     | Reached skill level 5 in Invocations
 10766 | D:11     | HP: 15/65 [orc/hand axe (4)]
 10858 | D:11     | Noticed a queen ant
 10882 | D:11     | Killed a queen ant
 11045 | D:11     | Reached skill level 6 in Invocations
 11485 | D:11     | Killed a two-headed ogre
 11490 | D:11     | Killed a two-headed ogre
 11513 | D:11     | Gorglomux: !stalk kunisq
 11513 | D:11     | beem: No milestones for kunisq.
 11513 | D:11     | Gorglomux: !stalk kunisq
 11513 | D:11     | beem: No milestones for kunisq.
 11513 | D:11     | Gorglomux: !stalk kuniqs
 11513 | D:11     | beem: kuniqs the L27 VSFi^Uska in Pan (cxc tiles), T:45294, runes: 4 (slimy, silver, barnacled...), defenses: 57/15/18, stats: 29/8/17, >15 skills: Fighting,Armour,Dodging,Shields,Invocations
 11620 | D:11     | HP: 15/65 [wraith (4)]
 11626 | D:11     | HP: 15/65 [something (2)]
 11631 | D:11     | HP: 16/65 [something (3)]
 11632 | D:11     | Reached skill level 7 in Invocations
 11637 | D:11     | HP: 14/65 [worker ant (3)]
 11643 | D:11     | HP: 14/65 [poisoned by a worker ant]
 11721 | D:11     | Noticed a centaur warrior
 11733 | D:11     | Killed a centaur warrior
 11733 | D:11     | Reached skill level 9 in Fighting
 11783 | D:11     | Reached skill level 12 in Short Blades
 11918 | Lair:1   | Entered Level 1 of the Lair of Beasts
 12300 | D:8      | Got a scorched rapier
 12301 | D:8      | Identified the +3 rapier "Peawal" {flame, *Contam Dex+4} (You found it on level 8 of the Dungeon)
 12426 | Lair:1   | Noticed Grum
 12457 | Lair:1   | Killed Grum
 12471 | Lair:1   | Reached skill level 1 in Armour
 12471 | Lair:1   | Reached XP level 13. HP: 65/70 MP: 19/19
 12673 | Lair:1   | Reached skill level 8 in Invocations
 12787 | Lair:1   | Reached skill level 2 in Armour
 12787 | Lair:1   | Reached skill level 8 in Dodging
 12839 | Lair:1   | Gorglomux: !lg kuniqs
 12839 | Lair:1   | beem: 755. kuniqs the Shield-Bearer (L3 VSFi), succumbed to an adder's poison on D:2 on 2017-05-21 08:22:39, with 50 points after 1296 turns and 0:01:29.
 13557 | Lair:2   | Reached skill level 3 in Armour
 13575 | Lair:2   | Found a staircase to the Snake Pit.
 13670 | Lair:2   | Noticed Turgon's ghost (journeyman OpWn)
 13687 | Lair:2   | Killed Turgon's ghost
 13964 | Lair:3   | Reached skill level 9 in Invocations
 14155 | Lair:3   | Reached skill level 4 in Armour
 14346 | Lair:3   | Reached XP level 14. HP: 75/75 MP: 22/22
 14368 | Lair:3   | Reached skill level 13 in Short Blades
 14388 | Lair:3   | Gorglomux: !lm kuniqs
 14388 | Lair:3   | beem: 18561. [2017-05-21 10:05:14] kuniqs the Impassioned (L27 VSFi of Uskayaw) entered the realm of Cerebov on turn 45294. (Pan)
 14593 | Lair:3   | Found a staircase to the Shoals.
 14906 | Lair:4   | Reached skill level 10 in Invocations
 15193 | Lair:4   | Reached skill level 5 in Armour
 16402 | Lair:6   | Entered Level 6 of the Lair of Beasts
 16481 | Lair:6   | Reached ****** piety under Uskayaw
 16549 | Lair:6   | Reached skill level 10 in Fighting
 16590 | Lair:6   | Found a staircase to the Slime Pits.
 16741 | Lair:6   | Reached skill level 9 in Dodging
 16808 | Lair:6   | Reached skill level 6 in Armour
 16953 | Lair:6   | Reached XP level 15. HP: 61/80 MP: 21/24
 16986 | Lair:6   | Reached skill level 11 in Invocations
 17084 | Lair:6   | Reached skill level 14 in Short Blades
 17264 | Lair:6   | Gained mutation: You are clumsy. (Dex -2) [mutagenic glow]
 18125 | D:12     | Noticed Rupert
 18143 | D:12     | Killed Rupert
 18157 | D:12     | Reached skill level 7 in Armour
 18238 | D:12     | Found a staircase to the Orcish Mines.
 18525 | D:13     | Found a bloodstained altar of Trog.
 18528 | D:13     | Noticed Urug
 18547 | D:13     | Killed Urug
 18625 | D:13     | Noticed Jawreze's ghost (journeyman KoHu)
 18660 | D:13     | Killed Jawreze's ghost
 19643 | D:14     | Reached skill level 12 in Invocations
 19846 | D:14     | Reached XP level 16. HP: 86/86 MP: 26/26
 19860 | D:14     | Found a gate to the Vaults.
 20337 | D:15     | Entered Level 15 of the Dungeon
 20521 | D:15     | Found a staircase to the Depths.
 20550 | D:15     | Reached skill level 8 in Armour
 20596 | D:15     | Found a runed door.
 21358 | D:15     | Reached skill level 15 in Short Blades
 21360 | D:15     | Got a coiled iron ring
 21362 | D:15     | Identified the ring of Ocate {+Fly MR+ Stlth+} (You took it off a kobold demonologist on level 15 of the Dungeon)
 21465 | Orc:1    | Entered Level 1 of the Orcish Mines
 21496 | Orc:1    | Found Aclitoat's Food Emporium.
 21600 | Orc:2    | Entered Level 2 of the Orcish Mines
 21666 | Orc:2    | Found a staircase to the Elven Halls.
 21716 | Orc:2    | Found Suofonu's Gadget Emporium.
 21716 | Orc:2    | Found Kolerphir's Distillery.
 21726 | Orc:1    | Found Wutof's Jewellery Emporium.
 21727 | Orc:1    | Reached skill level 10 in Dodging
 21807 | Orc:1    | Bought an uncursed amulet of faith for 600 gold pieces
 21836 | Orc:1    | Reached skill level 11 in Fighting
 21880 | Orc:1    | Noticed Fannar
 21900 | Orc:1    | Killed Fannar
 22061 | Orc:1    | Found Mofen's Jewellery Shop.
 22260 | Orc:2    | Reached skill level 13 in Invocations
 22346 | Orc:2    | Found Wuattieb's General Store.
 22403 | Orc:2    | Found Vuorokip's Magic Scroll Shoppe.
 22422 | Orc:2    | Bought 3 scrolls of teleportation for 135 gold pieces
 22422 | Orc:2    | Bought a scroll of enchant armour for 112 gold pieces
 22422 | Orc:2    | Bought a scroll of enchant weapon for 112 gold pieces
 22596 | Orc:2    | Noticed Feta's ghost (journeyman GrFi)
 22619 | Orc:2    | HP: 17/87 [Feta's ghost/stone arrow (22)]
 22625 | Orc:2    | HP: 16/87 [orc knight/war axe (7)]
 22632 | Orc:2    | HP: 13/87 [troll (5)]
 22644 | Orc:2    | HP: 15/87 [orc warrior/halberd (2)]
 22651 | Orc:2    | HP: 12/87 [ogre/giant club (2)]
 22946 | Orc:2    | Killed Feta's ghost
 23001 | Orc:2    | Reached skill level 9 in Armour
 23370 | Orc:2    | Reached XP level 17. HP: 88/91 MP: 25/28
 23788 | Snake:1  | Entered Level 1 of the Snake Pit
 23796 | Snake:1  | Found a flickering gateway to a bazaar.
 23817 | Bazaar   | Entered a bazaar
 23817 | Bazaar   | Found Haduxiah's Magic Scroll Boutique.
 23822 | Bazaar   | Bought 3 scrolls of enchant armour for 225 gold pieces
 23822 | Bazaar   | Bought a scroll of teleportation for 30 gold pieces
 23822 | Bazaar   | Bought a scroll of blinking for 75 gold pieces
 23826 | Bazaar   | Found Lumper's Antique Armour Boutique.
 23846 | Bazaar   | Found Ocianki's Jewellery Shoppe.
 23853 | Bazaar   | Found Zitay's Jewellery Boutique.
 23862 | Bazaar   | Found Wuabben's Book Boutique.
 23869 | Bazaar   | Bought a book of Battle for 520 gold pieces
 24238 | Snake:1  | HP: 22/91 [shock serpent/electric aura (5)]
 24238 | Snake:1  | HP: 3/91 [shock serpent/bolt of electricity (19)]
 24238 | Snake:1  | Killed from afar by a shock serpent

Skill      XL: |  1  2  3  4  5  6  7  8  9 10 11 12 13 14 15 16 |
---------------+-------------------------------------------------+-----
Fighting       | 2 3 4 5 6 7 8 9 10 11 | 11.5
Short Blades   | 2 3 4 5 6 8 9 11 12 13 14 15 | 15.0
Stealth        | 5 6 7 9 10 | 10.5
Dodging        | 1 2 3 4 5 6 7 8 9 10 | 10.5
Invocations    | 4 7 9 10 12 13 | 13.6
Armour         | 1 4 6 7 9 |  9.8
Throwing       | |  1.7

Action                   |  1- 3 |  4- 6 |  7- 9 | 10-12 | 13-15 | 16-18 || total
-------------------------+-------+-------+-------+-------+-------+-------++-------
Melee: Dagger            |    83 |   178 |   303 |   747 |       |       ||  1311
       Bite              |    11 |    56 |   117 |   329 |   443 |   246 ||  1202
       Hand axe          |       |       |    16 |    57 |       |       ||    73
       Rapier            |       |       |       |    26 |   667 |       ||   693
       Cutlass           |       |       |       |       |   399 |   580 ||   979
 Fire: Blowgun           |     5 |    16 |     3 |     1 |       |       ||    25
Invok: Stomp             |       |       |     2 |    21 |    11 |     4 ||    38
       Line Pass         |       |       |     2 |    10 |     1 |     2 ||    15
       Grand Finale      |       |       |       |       |     3 |     4 ||     7
Evoke: Wand              |       |     1 |       |     1 |       |     1 ||     3
       Sack of spiders   |       |       |       |       |       |     1 ||     1
  Use: Scroll            |     2 |     5 |     7 |    16 |     7 |     3 ||    40
 Stab: Sleeping          |     7 |     8 |    16 |    20 |    32 |     1 ||    84
       Distracted        |       |     1 |     1 |     7 |     2 |     1 ||    12
       Paralysed         |       |       |     3 |    27 |    90 |    40 ||   160
       Confused          |       |       |     1 |     2 |       |     1 ||     4
       Petrified         |       |       |       |       |     1 |       ||     1
  Eat: Chunk             |     1 |     6 |    12 |    23 |    28 |    18 ||    88
       Royal jelly       |       |       |       |     1 |       |       ||     1
Armor: Robe              |    20 |    32 |    43 |    94 |       |       ||   189
       Scale mail        |       |       |       |     8 |   265 |    78 ||   351
       Chain mail        |       |       |       |       |       |    18 ||    18
Dodge: Dodged            |    54 |   101 |   177 |   490 |   463 |   193 ||  1478

Vault maps used:
D:1:      scummos_arrival_hexagon, st_stairs_10
D:2:      cheibrodos_helix_gallery, first_bread, minmay_divided_ellipse
D:3:      uniq_ijyb
D:4:      gammafunk_temple_overflow_arena, uniq_eustachio, uniq_natasha,
          uniq_robin
D:5:      gammafunk_temple_overflow_elements, minmay_temple_entry_overgrown,
          uniq_duvessa, uniq_pikel, uniq_crazy_yiuf_cottage
D:6:      grunt_decor_arrowhead
D:7:      serial_park_tiny_pond
D:8:      uniq_erica
D:9:      grunt_lair_entry_orc_guard_hut
D:11:     minmay_quarter_circles, hangedman_stone_soup, minmay_another_anthill
D:12:     hiddenorc1_lemuel, uniq_rupert
D:13:     basic_altar, uniq_urug
D:14:     hangedman_vaults_entry_quadrant_bands, minmay_misc_feat_five
D:15:     grunt_enter_depths_giant_problem, minivault_11, lightli_airlock
Temple:   compressed_dpeg_circular_temple
Lair:1:   minivault_26, uniq_grum
Lair:2:   guppyfry_snake_entry_island, lemuel_fruit_tree, serial_bayou_shore_b,
          minmay_lair_oklob_chamber
Lair:3:   shoals_dummy_entry, bh_autumn_forest_stairs
Lair:4:   minmay_lair_oklob_tunnel, lemuel_fruit_fields
Lair:6:   evilmike_catoblepas_cave, slime_dummy, serial_bayou_pond_e,
          grunt_megastairs_2
Snake:1:  serial_shops, bzr_entry_customers, serial_bayou_shore_b
Orc:1:    serial_shops, nicolae_shop_trees, nicolae_shop_statue_plus, shop,
          mines2_lemuel, uniq_fannar
Orc:2:    st_orc_open, minmay_orc_treasury
Bazaar:   bazaar_kb_twisted_cavern

Table legend:
 A = Turns spent in this place as a percentage of turns spent in the entire game.
 B = Non-inter-level travel turns spent in this place as a percentage of non-inter-level travel turns spent in the entire game.
 C = Inter-level travel turns spent in this place as a percentage of turns spent in this place.
 D = Turns resting spent in this place as a percentage of non-inter-level travel turns spent in this place.
 E = Turns spent auto-exploring this place as a percentage of non-inter-level travel turns spent in this place.
 F = Non-inter-level travel turns spent in this place divided by the number of levels of this place that you've seen.
                   A       B       C       D       E      F
               +-------+-------+-------+-------+-------+----------------------
         Total | 100.0 | 100.0 |   0.5 |   1.4 |   7.4 | 371.2
       Dungeon |  65.5 |  65.5 |   0.5 |   1.6 |   7.4 | 421.5
        Temple |   0.1 |   0.1 |   9.1 |   0.0 |  10.0 |  10.0
          Lair |  21.8 |  21.8 |   0.5 |   1.1 |   6.4 | 350.0
     Snake Pit |   2.4 |   2.4 |   0.0 |   0.9 |   6.6 | 229.0
  Orcish Mines |  10.0 |  10.0 |   0.5 |   1.3 |   9.0 | 484.0
        Bazaar |   0.2 |   0.2 |   0.0 |   0.0 |  45.5 |  22.0
               +-------+-------+-------+-------+-------+----------------------

Table legend:
 A = Kills in this place as a percentage of kills in entire the game.
 B = Kills by you in this place as a percentage of kills by you in the entire game.
 C = Kills by friends in this place as a percentage of kills by friends in the entire game.
 D = Other kills in this place as a percentage of other kills in the entire game.
 E = Experience gained in this place as a percentage of experience gained in the entire game.
 F = Experience gained in this place divided by the number of levels of this place that you have seen.
                   A       B       C       D       E      F
               +-------+-------+-------+-------+-------+----------------------
         Total | 100.0 | 100.0 |  -nan | 100.0 | 100.0 | 7519.7
       Dungeon |  57.9 |  57.8 |  -nan | 100.0 |  42.8 | 5584.2
          Lair |  24.9 |  24.9 |  -nan |   0.0 |  34.1 | 11110.3
     Snake Pit |   2.2 |   2.2 |  -nan |   0.0 |   5.8 | 11348.0
  Orcish Mines |  15.0 |  15.1 |  -nan |   0.0 |  17.3 | 16869.0
               +-------+-------+-------+-------+-------+----------------------
